 Dungeon Crawl Stone Soup version 0.29.0-4-gdea44cf6ec (webtiles) character file.

Game seed: 12867775110174949859

4414 qw the Cleaver (level 10, -2/65 HPs)
             Began as a Gargoyle Berserker on Sept 6, 2022.
             Was a Believer of Trog.
             Slain by a troll (6 damage)
             ... on level 9 of the Dungeon.
             The game lasted 00:03:42 (12025 turns).

qw the Cleaver (Gargoyle Berserker)                Turns: 12025, Time: 00:03:43

Health: -2/65      AC: 20    Str: 25    XL:     10   Next: 36%
Magic:  10/10      EV:  7    Int:  8    God:    Trog [**....]
Gold:   655        SH:  0    Dex:  9    Spells: 9/9 levels left

rFire   + . .      SeeInvis .   a - +0 hand axe (vamp)
rCold   . . .      Faith    .   (no shield)
rNeg    + . .      Spirit   .   k - +0 plate armour
rPois   inf        Reflect  .   (no helmet)
rElec   +          Harm     .   (no cloak)
rCorr   .          Rampage  .   (no gloves)
Will    .....                   (no boots)
Stlth   ..........              (no amulet)
HPRegen 0.20/turn               b - ring of protection from fire
MPRegen 0.12/turn               (no ring)

@: about to teleport, on berserk cooldown
A: sickness immunity, AC +7, negative energy resistance 1, electricity
resistance, torment resistance 1, petrification resistance
a: Renounce Religion, Berserk, Trog's Hand


You were on level 9 of the Dungeon.
You worshipped Trog.
Trog was pleased with you.
You visited 1 branch of the dungeon, and saw 9 of its levels.

You collected 655 gold pieces.


Innate Abilities, Weirdness & Mutations

You are immune to sickness and miasma.
Your stone body is resilient. (AC +7)
You are immune to poison.
You resist negative energy. (rN+)
You are resistant to electric shocks. (rElec)
You are resistant to unholy torment.
You are immune to petrification.


   Skills:
 + Level 8.4 Fighting
 - Level 11.0 Axes
 - Level 1.7 Throwing
 - Level 6.3 Armour
 - Level 1.5 Dodging


You had 9 spell levels left.
You didn't know any spells.
Your spell library was empty.

Inventory:

Hand Weapons
 a - a +0 vampiric hand axe (weapon)
 n - a +0 flail
Armour
 k - a +0 plate armour (worn)
 l - a +1 chain mail of fire resistance
Jewellery
 b - a ring of protection from fire (left hand)
Scrolls
 d - 2 scrolls of identify
Potions
 c - 4 potions of mutation
 e - a potion of might
 f - 2 potions of curing
 g - a potion of cancellation
 i - a potion of haste
 j - 2 potions of resistance
 m - 2 potions of flight {unknown}

Dungeon Overview and Level Annotations

Branches:
Dungeon (9/15)             Temple (0/1) D:5
   Lair: D:8-11         Orc: D:9-12

Altars:
Ashenzari
Fedhas
Gozag
Kikubaaqudgha
Makhleb
Qazlal
Ru
Uskayaw
Wu Jian
Yredelemnul
The Shining One

Annotations:
D:3 1 runed translucent door, Crazy Yiuf
D:4 3 runed translucent doors, qw's ghost, amateur MiBe


Message History

You slash the orc warrior!
You feel better.
The orc warrior is almost dead.
The orc warrior hits you with a +0 battleaxe!
You slash the orc warrior!
You kill the orc warrior!
Trog accepts your kill.
You start resting.
You feel a strong urge to attack something.
You are no longer berserk.
You are exhausted.
You feel yourself slow down.
A troll is nearby!
12016 ||| Stepping ~*~*~tactically~*~*~ (stealth).
The troll shouts!
You barely miss the troll. The troll bites you!
The troll claws you but does no damage. The troll claws you!
You hit the troll but do no damage. The troll bites you but does no damage.
The troll claws you but does no damage. The troll barely misses you.
You hit the troll but do no damage.
You feel yourself speed up. The troll bites you. The troll barely misses you.
The troll claws you.
You hit the troll but do no damage. The troll bites you but does no damage.
The troll claws you. The troll claws you but does no damage.
You hit the troll.
The troll is lightly wounded.
You hit the troll. You punch the troll.
The troll is lightly wounded.
The troll completely misses you.
The troll claws you but does no damage. x2
You hit the troll.
The troll is moderately wounded.
The troll bites you but does no damage. The troll claws you. x2
12025 ||| READING scroll of teleportation.
As you read the scroll of teleportation, it crumbles to dust.
You feel strangely unstable. The troll bites you but does no damage.
The troll claws you! The troll claws you.
You die...

#. ..... ##. .....
##..# #....
....###....
#...#...# #.
#.....# .#
#.###[}?## #### .#
##.##....T## .....
.#
#(.#...#..@#....#
.#
#.....###..)...#
.#
#....#####..#..#
.# ##.........##
##
.#######..##.#####
.......).....#
#......)...###
#..........#
#..........#


You could see a troll.

Vanquished Creatures
  A kobold demonologist (D:9)
  Grinder (D:3)
  A wyvern (D:6)
  A steam dragon (D:8)
  A water moccasin (D:5)
  2 sky beasts
  5 orc warriors
  An ice beast (D:5)
  An ogre (D:5)
  4 black bears
  4 centaurs
  3 phantoms
  2 necrophages
  4 bullfrogs
  A scorpion (D:6)
  9 wights
  7 killer bees
  4 hounds
  4 orc priests (D:8)
  A jelly (D:8)
  A gnoll bouda (D:7)
  4 iguanas
  4 orc wizards
  5 adders
  5 gnolls (D:7)
  A white imp (D:6)
  2 worms
  A dart slug (D:2)
  16 orcs
  4 ball pythons
  7 endoplasms
  4 goblins
  5 hobgoblins
  4 jackals (D:1)
  5 kobolds
  A quokka (D:3)
  6 bats
  6 frilled lizards
  5 rats
143 creatures vanquished.

Vanquished Creatures (others)
  A bush (D:6)
  A fungus (D:1)
  A plant (D:1)
3 creatures vanquished.

Grand Total: 146 creatures vanquished

Notes
Turn   | Place    | Note
-------+----------+-------------------------------------------
     0 | D:1      | qw the Gargoyle Berserker began the quest for the Orb.
     0 | D:1      | Reached XP level 1. HP: 14/14 MP: 1/1
     0 | D:1      | 0 ||| qw: Version: 0.1-a-107-g9ff403c
     0 | D:1      | 0 ||| qw: Game counter: 6061
     0 | D:1      | 0 ||| qw: Always use a shield: true
     0 | D:1      | 0 ||| qw: Do Orc after D:15 true
     0 | D:1      | 0 ||| qw: Do second Lair branch before Depths: true
     0 | D:1      | 0 ||| qw: Lair rune preference: random
     0 | D:1      | 0 ||| qw: Plans: Normal
     0 | D:1      | 0 ||| PLANNING D:1-11
   142 | D:1      | Reached skill level 3 in Axes
   314 | D:1      | Reached XP level 2. HP: 19/19 MP: 2/2
   378 | D:1      | 378 ||| Stepping ~*~*~tactically~*~*~ (stealth).
   844 | D:1      | Reached XP level 3. HP: 23/23 MP: 3/3
   877 | D:1      | 877 ||| Stepping ~*~*~tactically~*~*~ (stealth).
   925 | D:1      | 925 ||| Stepping ~*~*~tactically~*~*~ (stealth).
   927 | D:1      | Found a faded altar of an unknown god.
   958 | D:1      | Reached ** piety under Trog
   967 | D:1      | 967 ||| UPGRADING to +0 ring mail.
   977 | D:1      | 977 ||| DROPPING +0 animal skin.
   978 | D:1      | 978 ||| UPGRADING to +0 chain mail.
   988 | D:1      | 988 ||| DROPPING +0 ring mail.
   989 | D:1      | 989 ||| READING scroll labelled TOXKIK PIUNU.
   990 | D:1      | 990 ||| READING scroll labelled SAIQA FYSAFYI.
   991 | D:1      | 991 ||| READING scroll labelled YSTODEOCVE.
  1031 | D:2      | Reached skill level 4 in Axes
  1091 | D:2      | 1091 ||| Stepping ~*~*~tactically~*~*~ (stealth).
  1125 | D:2      | 1125 ||| Stepping ~*~*~tactically~*~*~ (stealth).
  1126 | D:2      | 1126 ||| Stepping ~*~*~tactically~*~*~ (stealth).
  1350 | D:2      | 1350 ||| Stepping ~*~*~tactically~*~*~ (hiding).
  1634 | D:2      | 1634 ||| READING scroll labelled AKHLUC ZERAPYDD.
  1639 | D:2      | 1639 ||| READING scroll labelled PEUVUKOLAM.
  1695 | D:2      | 1695 ||| READING scroll labelled YFUAPT UJULIGE.
  1696 | D:2      | 1696 ||| READING scroll labelled TIUDEU UFAP.
  1740 | D:3      | 1740 ||| DROPPING +0 club.
  1770 | D:3      | Reached XP level 4. HP: 28/28 MP: 4/4
  1852 | D:3      | 1852 ||| INVOKING Berserk.
  2109 | D:3      | Noticed Grinder
  2110 | D:3      | 2110 ||| INVOKING Trog's Hand.
  2113 | D:3      | 2113 ||| INVOKING Berserk.
  2118 | D:3      | Killed Grinder
  2119 | D:3      | Reached skill level 6 in Axes
  2119 | D:3      | Reached XP level 5. HP: 32/32 MP: 5/5
  2119 | D:3      | Reached XP level 6. HP: 37/37 MP: 6/6
  2390 | D:3      | 2390 ||| INVOKING Berserk.
  2628 | D:3      | Found a runed translucent door.
  2629 | D:3      | Noticed Crazy Yiuf
  2802 | D:3      | 2802 ||| READING scroll labelled SYIPSO KISK.
  2803 | D:3      | 2803 ||| DRINKING 2 lumpy silvery potions.
  2804 | D:3      | 2804 ||| READING 4 scrolls of identify.
  2804 | D:3      | 2804 ||| IDENTIFYING fuming golden potion
  2805 | D:3      | 2805 ||| READING 3 scrolls of identify.
  2805 | D:3      | 2805 ||| IDENTIFYING clear potion
  2806 | D:3      | 2806 ||| READING 2 scrolls of identify.
  2806 | D:3      | 2806 ||| IDENTIFYING yellow potion
  2807 | D:3      | 2807 ||| DROPPING potion of brilliance.
  2927 | D:4      | 2927 ||| Stepping ~*~*~tactically~*~*~ (stealth).
  3337 | D:4      | Found an ornate altar of the Wu Jian Council.
  3436 | D:4      | Found an ancient bone altar of Kikubaaqudgha.
  3436 | D:4      | Found a blossoming altar of Fedhas.
  3633 | D:4      | Found a runed translucent gate.
  3634 | D:4      | Found a runed translucent gate.
  3634 | D:4      | Found an opulent altar of Gozag.
  3636 | D:4      | Found a runed translucent gate.
  3637 | D:4      | Noticed qw's ghost (amateur MiBe)
  3640 | D:4      | 3640 ||| UPGRADING to +0 plate armour.
  3650 | D:4      | 3650 ||| DROPPING +0 chain mail.
  3651 | D:4      | 3651 ||| UPGRADING to ring of protection from fire.
  3652 | D:4      | 3652 ||| READING scroll labelled HER SINGOEH.
  3653 | D:4      | 3653 ||| READING scroll labelled SOAMAN GARAYNELA.
  3654 | D:4      | 3654 ||| READING scroll labelled GUONGO IPPIWK.
  3655 | D:4      | 3655 ||| DRINKING 2 pink potions.
  3656 | D:4      | 3656 ||| READING 4 scrolls of identify.
  3656 | D:4      | 3656 ||| IDENTIFYING brown potion
  3676 | D:5      | Entered Level 5 of the Dungeon
  3680 | D:5      | Noticed a black bear
  3682 | D:5      | 3682 ||| Stepping ~*~*~tactically~*~*~ (stealth).
  3684 | D:5      | 3684 ||| INVOKING Berserk.
  3687 | D:5      | Killed a black bear
  3688 | D:5      | Reached skill level 3 in Armour
  3688 | D:5      | Reached XP level 7. HP: 43/43 MP: 7/7
  3842 | D:5      | 3842 ||| INVOKING Berserk.
  4092 | D:5      | Found a stormy altar of Qazlal.
  4116 | D:5      | Reached skill level 7 in Axes
  4260 | D:5      | 4260 ||| INVOKING Berserk.
  4579 | D:5      | Found a hide-covered altar of Uskayaw.
  4589 | D:5      | Found a staircase to the Ecumenical Temple.
  4598 | D:5      | 4598 ||| INVOKING Berserk.
  4604 | D:5      | Reached XP level 8. HP: 46/49 MP: 8/8
  4962 | D:5      | 4962 ||| INVOKING Berserk.
  5251 | D:6      | 5251 ||| PLANNING SEWER
  5275 | D:6      | Reached skill level 1 in Throwing
  5452 | D:6      | Noticed a wyvern
  5464 | D:6      | 5464 ||| INVOKING Berserk.
  5467 | D:6      | Killed a wyvern
  5468 | D:6      | Reached skill level 8 in Axes
  5694 | D:6      | 5694 ||| Stepping ~*~*~tactically~*~*~ (hiding).
  5800 | D:6      | Reached skill level 6 in Fighting
  5944 | D:6      | 5944 ||| RIP SEWER
  5973 | D:6      | Found a broken altar of Ashenzari.
  5974 | D:6      | 5974 ||| PLANNING D:1-11
  6005 | D:6      | 6005 ||| FLEEEEING.
  6029 | D:6      | 6029 ||| FLEEEEING.
  6030 | D:6      | 6030 ||| FLEEEEING.
  6031 | D:6      | 6031 ||| FLEEEEING.
  6033 | D:6      | 6033 ||| FLEEEEING.
  6034 | D:6      | 6034 ||| FLEEEEING.
  6035 | D:6      | 6035 ||| FLEEEEING.
  6036 | D:6      | 6036 ||| FLEEEEING.
  6038 | D:6      | 6038 ||| FLEEEEING.
  6039 | D:6      | 6039 ||| FLEEEEING.
  6040 | D:6      | 6040 ||| FLEEEEING.
  6041 | D:6      | 6041 ||| FLEEEEING.
  6042 | D:6      | 6042 ||| FLEEEEING.
  6044 | D:6      | 6044 ||| FLEEEEING.
  6045 | D:6      | 6045 ||| FLEEEEING.
  6046 | D:6      | 6046 ||| FLEEEEING.
  6047 | D:6      | 6047 ||| FLEEEEING.
  6048 | D:6      | 6048 ||| STAIRDANCE
  6088 | D:5      | 6088 ||| READING scroll labelled LAS RIGHUSETER.
  6089 | D:5      | 6089 ||| DRINKING 2 lumpy coppery potions.
  6126 | D:5      | 6126 ||| READING 4 scrolls of identify.
  6126 | D:5      | 6126 ||| IDENTIFYING fizzy yellow potion
  6127 | D:5      | 6127 ||| DROPPING potion of ambrosia.
  6128 | D:5      | 6128 ||| DROPPING potion of lignification.
  6189 | D:6      | 6189 ||| FLEEEEING.
  6190 | D:6      | 6190 ||| FLEEEEING.
  6191 | D:6      | 6191 ||| FLEEEEING.
  6192 | D:6      | 6192 ||| FLEEEEING.
  6193 | D:6      | 6193 ||| FLEEEEING.
  6498 | D:6      | 6498 ||| INVOKING Berserk.
  6696 | D:6      | 6696 ||| FLEEEEING.
  6697 | D:6      | 6697 ||| FLEEEEING.
  6698 | D:6      | 6698 ||| FLEEEEING.
  6699 | D:6      | 6699 ||| FLEEEEING.
  6700 | D:6      | 6700 ||| FLEEEEING.
  6701 | D:6      | 6701 ||| FLEEEEING.
  6702 | D:6      | 6702 ||| FLEEEEING.
  6703 | D:6      | 6703 ||| FLEEEEING.
  6775 | D:6      | 6775 ||| FLEEEEING.
  6776 | D:6      | 6776 ||| FLEEEEING.
  6857 | D:6      | 6857 ||| FLEEEEING.
  6858 | D:6      | 6858 ||| FLEEEEING.
  6913 | D:6      | 6913 ||| FLEEEEING.
  6914 | D:6      | 6914 ||| FLEEEEING.
  6960 | D:6      | 6960 ||| FLEEEEING.
  6961 | D:6      | 6961 ||| FLEEEEING.
  6962 | D:6      | 6962 ||| FLEEEEING.
  6963 | D:6      | 6963 ||| FLEEEEING.
  6964 | D:6      | 6964 ||| FLEEEEING.
  6965 | D:6      | 6965 ||| FLEEEEING.
  6966 | D:6      | 6966 ||| FLEEEEING.
  7148 | D:6      | 7148 ||| FLEEEEING.
  7149 | D:6      | 7149 ||| FLEEEEING.
  7208 | D:6      | 7208 ||| FLEEEEING.
  7283 | D:6      | 7283 ||| FLEEEEING.
  7414 | D:6      | 7414 ||| FLEEEEING.
  7415 | D:6      | 7415 ||| FLEEEEING.
  7416 | D:6      | 7416 ||| FLEEEEING.
  7417 | D:6      | 7417 ||| FLEEEEING.
  7418 | D:6      | 7418 ||| FLEEEEING.
  7419 | D:6      | 7419 ||| FLEEEEING.
  7420 | D:6      | 7420 ||| FLEEEEING.
  7421 | D:6      | 7421 ||| FLEEEEING.
  7506 | D:6      | 7506 ||| FLEEEEING.
  7551 | D:6      | 7551 ||| FLEEEEING.
  7552 | D:6      | 7552 ||| FLEEEEING.
  7686 | D:6      | Reached XP level 9. HP: 50/55 MP: 9/9
  7716 | D:6      | 7716 ||| FLEEEEING.
  7717 | D:6      | 7717 ||| FLEEEEING.
  7718 | D:6      | 7718 ||| FLEEEEING.
  7719 | D:6      | 7719 ||| FLEEEEING.
  7720 | D:6      | 7720 ||| FLEEEEING.
  7721 | D:6      | 7721 ||| FLEEEEING.
  7722 | D:6      | 7722 ||| FLEEEEING.
  7723 | D:6      | 7723 ||| FLEEEEING.
  7724 | D:6      | 7724 ||| FLEEEEING.
  7725 | D:6      | 7725 ||| FLEEEEING.
  7725 | D:6      | HP: 7/55 [centaur/arrow (13)]
  7725 | D:6      | HP: 1/55 [centaur/arrow (6)]
  7726 | D:6      | 7726 ||| FLEEEEING.
  7727 | D:6      | 7727 ||| FLEEEEING.
  7728 | D:6      | 7728 ||| FLEEEEING.
  8061 | D:6      | Reached skill level 9 in Axes
  8176 | D:6      | 8176 ||| READING scroll labelled DYUDUN FAMU.
  8177 | D:6      | 8177 ||| READING scroll labelled SIALEM FIHYSS.
  8235 | D:7      | 8235 ||| Stepping ~*~*~tactically~*~*~ (hiding).
  8240 | D:7      | 8240 ||| INVOKING Berserk.
  8577 | D:7      | 8577 ||| Stepping ~*~*~tactically~*~*~ (stealth).
  8579 | D:7      | 8579 ||| Stepping ~*~*~tactically~*~*~ (stealth).
  8581 | D:7      | 8581 ||| Stepping ~*~*~tactically~*~*~ (stealth).
  8599 | D:7      | Found a basalt altar of Yredelemnul.
  8602 | D:7      | 8602 ||| INVOKING Berserk.
  8615 | D:7      | Found a burning altar of Makhleb.
  8615 | D:7      | Found a glowing golden altar of the Shining One.
  8707 | D:7      | 8707 ||| READING scroll of enchant weapon.
  8707 | D:7      | 8707 ||| ENCHANTING +1 hand axe.
  8829 | D:7      | 8829 ||| INVOKING Berserk.
  8843 | D:7      | 8843 ||| DRINKING 2 potions of curing.
  8843 | D:7      | 8843 ||| (to cure confusion)
  9124 | D:7      | 9124 ||| INVOKING Berserk.
  9365 | D:7      | Found an opulent altar of Gozag.
  9509 | D:7      | 9509 ||| READING scroll labelled FAQOUNAFOA.
  9606 | D:8      | 9606 ||| INVOKING Berserk.
  9770 | D:8      | 9770 ||| FLEEEEING.
  9771 | D:8      | 9771 ||| FLEEEEING.
  9772 | D:8      | 9772 ||| FLEEEEING.
  9773 | D:8      | 9773 ||| FLEEEEING.
  9774 | D:8      | 9774 ||| FLEEEEING.
  9776 | D:8      | 9776 ||| FLEEEEING.
  9777 | D:8      | 9777 ||| FLEEEEING.
  9778 | D:8      | 9778 ||| FLEEEEING.
  9779 | D:8      | 9779 ||| FLEEEEING.
  9780 | D:8      | 9780 ||| FLEEEEING.
  9781 | D:8      | 9781 ||| FLEEEEING.
  9782 | D:8      | 9782 ||| FLEEEEING.
  9783 | D:8      | 9783 ||| FLEEEEING.
  9784 | D:8      | 9784 ||| FLEEEEING.
  9785 | D:8      | 9785 ||| FLEEEEING.
  9786 | D:8      | 9786 ||| FLEEEEING.
  9787 | D:8      | 9787 ||| FLEEEEING.
  9788 | D:8      | 9788 ||| FLEEEEING.
  9789 | D:8      | 9789 ||| FLEEEEING.
  9790 | D:8      | 9790 ||| FLEEEEING.
  9791 | D:8      | 9791 ||| FLEEEEING.
  9792 | D:8      | 9792 ||| FLEEEEING.
  9793 | D:8      | 9793 ||| FLEEEEING.
  9794 | D:8      | 9794 ||| FLEEEEING.
  9795 | D:8      | 9795 ||| STAIRDANCE
  9895 | D:8      | Reached skill level 10 in Axes
  9895 | D:8      | 9895 ||| STAIRDANCE
 10016 | D:8      | 10016 ||| DROPPING +0 whip.
 10023 | D:8      | 10023 ||| Stepping ~*~*~tactically~*~*~ (stealth).
 10048 | D:8      | 10048 ||| INVOKING Berserk.
 10250 | D:8      | 10250 ||| INVOKING Berserk.
 10421 | D:8      | 10421 ||| INVOKING Berserk.
 10433 | D:8      | Reached skill level 6 in Armour
 10433 | D:8      | Reached XP level 10. HP: 64/64 MP: 10/10
 10508 | D:8      | 10508 ||| SWAPPING to +0 vampiric hand axe.
 10509 | D:8      | 10509 ||| DROPPING +2 hand axe.
 10603 | D:8      | 10603 ||| INVOKING Berserk.
 10725 | D:8      | Found a sacrificial altar of Ru.
 10846 | D:8      | 10846 ||| DROPPING +4 mace.
 11334 | D:8      | 11334 ||| DROPPING scarf of shadows.
 11335 | D:8      | 11335 ||| DROPPING +6 ring of intelligence.
 11336 | D:8      | 11336 ||| READING 5 scrolls of identify.
 11336 | D:8      | 11336 ||| IDENTIFYING grey potion
 11337 | D:8      | 11337 ||| READING 4 scrolls of identify.
 11337 | D:8      | 11337 ||| IDENTIFYING silvery potion
 11338 | D:8      | 11338 ||| READING 3 scrolls of identify.
 11338 | D:8      | 11338 ||| IDENTIFYING fizzy grey potion
 11339 | D:8      | 11339 ||| DROPPING potion of degeneration.
 11340 | D:8      | 11340 ||| DROPPING potion of attraction.
 11423 | D:9      | 11423 ||| INVOKING Berserk.
 11428 | D:9      | HP: 22/96 [wight/+2 great sword of freezing (14)]
 11731 | D:9      | 11731 ||| Stepping ~*~*~tactically~*~*~ (hiding).
 11807 | D:9      | Noticed a kobold demonologist
 11808 | D:9      | 11808 ||| Stepping ~*~*~tactically~*~*~ (stealth).
 11814 | D:9      | Noticed a soul eater
 11823 | D:9      | 11823 ||| INVOKING Berserk.
 11832 | D:9      | Noticed a rust devil
 11837 | D:9      | Killed a kobold demonologist
 11838 | D:9      | Reached skill level 11 in Axes
 11979 | D:9      | 11979 ||| Stepping ~*~*~tactically~*~*~ (stealth).
 11980 | D:9      | 11980 ||| Stepping ~*~*~tactically~*~*~ (stealth).
 11985 | D:9      | 11985 ||| Stepping ~*~*~tactically~*~*~ (stealth).
 11988 | D:9      | 11988 ||| INVOKING Berserk.
 12016 | D:9      | 12016 ||| Stepping ~*~*~tactically~*~*~ (stealth).
 12024 | D:9      | HP: 14/65 [troll (5)]
 12025 | D:9      | 12025 ||| READING scroll of teleportation.
 12025 | D:9      | HP: 4/65 [troll (10)]
 12025 | D:9      | Slain by a troll

Levels and vault maps discovered:
D:1:      spicycebolla_green_bress_n_ham_2, layout_basic,
          shapermc_ecumenical_altar_rom_forum
D:2:      layout_rooms
D:3:      layout_basic, uniq_crazy_yiuf_cottage, uniq_grinder
D:4:      layout_rooms, grunt_temple_overflow_growth_and_decay,
          pdpol_wu_jian_five_deadly_venoms, ebering_ghost_gozag,
          amcnicky_mini_pool_small, minivault_5
D:5:      layout_loops_cross, nicolae_uskayaw_dance_hall,
          nicolae_qazlal_scattered_showers, minmay_temple_entry_drinking_statues
D:6:      layout_loops_ring, ashenzari_conservatory_becter,
          cheibrodos_sewer_entry_bend, kb_lookout_dungeons_type,
          kennysheep_small_square
D:7:      layout_basic, chequers_temple_overflow_statue_of_worship,
          mainiacjoe_overflow_alcove_1
D:8:      layout_gridville, hangedman_ru_absence
D:9:      layout_basic, gammafunk_temple_overflow_wave, serial_park_tiny_1,
          dk_noncrumbling_4, minmay_circle_x

Skill      XL: |  1  2  3  4  5  6  7  8  9 10 |
---------------+-------------------------------+-----
Axes           | 3 4 6 7 8 10 11 | 11.0
Fighting       | 4 5 6 8 |  8.4
Armour         | 3 4 6 |  6.3
Throwing       | 1 |  1.7
Dodging        | |  1.5

Action                   |  1- 3 |  4- 6 |  7- 9 | 10-12 || total
-------------------------+-------+-------+-------+-------++-------
Melee: Hand axe          |   116 |    92 |   366 |   135 ||   709
       Punch             |     1 |       |     6 |     2 ||     9
Throw: Boomerang         |       |       |    18 |       ||    18
Invok: Berserk           |       |     4 |    14 |     4 ||    22
       Trog's Hand       |       |     1 |       |       ||     1
  Use: Scroll            |     7 |     8 |     6 |     4 ||    25
       Potion            |       |     2 |     2 |       ||     4
Armor: Animal skin       |    23 |       |       |       ||    23
       Chain mail        |    17 |    48 |       |       ||    65
       Plate armour      |       |     3 |   299 |    83 ||   385
Dodge: Dodged            |    55 |    23 |   143 |    34 ||   255

Table legend:
 A = Non-vault XP
 B = Vault XP
 C = Vault XP percentage of total XP
 D = Non-vault monster count
 E = Vault monster count
 F = Vault count percentage of total count
                 A         B        C        D         E       F
            +---------+---------+-------+---------+---------+-------
      Total |    5512 |     794 |  12.6 |     136 |       7 |   4.9
            +---------+---------+-------+---------+---------+-------
        D:1 |      40 |       0 |   0.0 |      26 |       0 |   0.0
        D:2 |      29 |       0 |   0.0 |       9 |       0 |   0.0
        D:3 |     115 |     254 |  68.8 |      17 |       1 |   5.6
        D:4 |      65 |       0 |   0.0 |       7 |       0 |   0.0
        D:5 |    1006 |       0 |   0.0 |      12 |       0 |   0.0
        D:6 |     784 |     206 |  20.8 |       9 |       3 |  25.0
        D:7 |    1079 |       0 |   0.0 |      21 |       0 |   0.0
        D:8 |    1564 |       0 |   0.0 |      28 |       0 |   0.0
        D:9 |     830 |     334 |  28.7 |       7 |       3 |  30.0
            +---------+---------+-------+---------+---------+-------
